 Dungeon Crawl Stone Soup version 0.30.1 (webtiles) character file.

Game seed: 9615830538541967647

4 McKennaii the Conjurer (level 1, -1/14 HPs)
             Began as a Demigod Conjurer on July 10, 2023.
             Slain by a quokka (4 damage)
             ... on level 1 of the Dungeon.
             The game lasted 00:00:05 (43 turns).

McKennaii the Conjurer (Demigod Conjurer)             Turns: 43, Time: 00:00:05

Health: -1/14      AC:  2    Str:  8    XL:     1   Next: 40%
Magic:  0/5        EV: 12    Int: 20    God:
Gold:   0          SH:  0    Dex: 12    Spells: 2/3 levels left

rFire   . . .        (no weapon)
rCold   . . .        (no shield)
rNeg    . . .        a - +0 robe
rPois   .            (no helmet)
rElec   .            (no cloak)
rCorr   .            (no gloves)
SInv    .            (no boots)
Will    .....        (no amulet)
Stlth   ++           (no ring)
HPRegen 0.22/turn    (no ring)
MPRegen 0.09/turn

%: no passive effects
@: no status effects
A: high MP 1, forlorn, divine attributes
a: no special abilities


You were on level 1 of the Dungeon.
You visited 1 branch of the dungeon, and saw 1 of its levels.

Inventory:

Armour
 a - a +0 robe (worn)
Potions
 b - a potion of magic
 c - a potion of heal wounds {unknown}


   Skills:
 - Level 1.7 Dodging
 - Level 1.7 Stealth
 + Level 1.9 Spellcasting
 + Level 3.7 Conjurations


You had 2 spell levels left.
You knew the following spells:

 Your Spells              Type           Power      Damage    Failure   Level
a - Magic Dart            Conj           64%        1d6       3%          1

Your spell library contained the following spells:

 Spells                   Type           Power      Damage    Failure   Level
 Searing Ray              Conj           32%        2d5       5%          2
 Dazzling Flash           Conj/Hex       18%        N/A       22%         3
 Fulminant Prism          Conj/Hex       4%         3d5       58%         4
 Iskenderun's Mystic Bla  Conj/Tloc      9%         2d4       58%         4


Dungeon Overview and Level Annotations

Branches:
Dungeon (1/15)

Shops:
D:1 !


Innate Abilities, Weirdness & Mutations

You have an increased reservoir of magic. (+10% MP)
You shall have no god before yourself.
Your divine heritage dramatically boosts your attributes as you level up.


Message History

There are monsters nearby!
The bat closely misses you.
The magic dart hits the bat.
You kill the bat!
A quokka is nearby!
You hit the quokka but do no damage.
The quokka bites you but does no damage.
You are out of magic!
You closely miss the quokka. The quokka barely misses you.
The magic dart hits the quokka.
The quokka is severely wounded.
The quokka bites you. x2
A quokka is nearby!
You miss the quokka.
The quokka is severely wounded.
The quokka closely misses you.
You are out of magic!
A quokka is nearby!
You are out of magic!
You are out of magic!
A quokka is nearby!
A quokka is nearby!
You are out of magic!
You barely miss the quokka.
The quokka is severely wounded.
The quokka bites you.
You hit the quokka but do no damage.
The quokka is severely wounded.
The quokka bites you.
You barely miss the quokka.
The quokka is severely wounded.
The quokka bites you.
* * * LOW HITPOINT WARNING * * *
You hit the quokka but do no damage.
The quokka is severely wounded.
The quokka barely misses you. The quokka bites you.
* * * LOW HITPOINT WARNING * * *
You are too injured to fight recklessly!
The quokka attacks as you move away! The quokka bites you.
You die...

....... ........
#...#.. ......# #
#......##.....#.#
................
..............
#.†#.....#..
#..........♣
#..###.r#.∩.....♣
.......@.......♣♣
#..####.###...♣♣
#..####.#####♣.♣
...........# ..
#...###.#### ♣ ###.
#....#
.#####.###.##.####
.#.......#..#....§§
...≈≈≈≈........≈≈≈≈


You could see a quokka.

Vanquished Creatures
  A bat (D:1)
  An endoplasm (D:1)
  A hobgoblin (D:1)
3 creatures vanquished.

Notes
Turn   | Place    | Note
-------+----------+-------------------------------------------
     0 | D:1      | McKennaii the Demigod Conjurer began the quest for the Orb.
     0 | D:1      | Reached XP level 1. HP: 14/14 MP: 5/5
    22 | D:1      | Found Teor's Distillery.
    43 | D:1      | Slain by a quokka

Illustrated notes

Levels and vault maps discovered:
D:1:      dpeg_arrival_pits, layout_basic, serial_shops, nicolae_shop_rolled_up,
          nicolae_shop_back_alley_shop, shop, shop, shop, serial_forest,
          infiniplex_forest_clump_curved, infiniplex_forest_clump_tiny,
          infiniplex_forest_end_2, infiniplex_forest_straight_3,
          infiniplex_forest_straight_2, infiniplex_forest_diagonal

Action                     || total
---------------------------++-------
  Melee: Unarmed           ||     7
   Cast: Magic Dart        ||     6
 Armour: Robe              ||     3
  Dodge: Dodged            ||     5
